Workbook
Name AREA: #REF!
Name BDI: #REF!
Name Excel_BuiltIn_Print_Titles_2: #REF!
Name I: #REF!
Name P.1: #REF!
Name P.10: #REF!
Name P.11: #REF!
Name P.12: #REF!
Name P.13: #REF!
Name P.14: #REF!
Name P.15: #REF!
Name P.2: #REF!
Name P.3: #REF!
Name P.4: #REF!
Name P.5: #REF!
Name P.6: #REF!
Name P.7: #REF!
Name P.8: #REF!
Name P.9: #REF!
Name PP1.1: #REF!
Name PP1.10: #REF!
Name PP1.11: #REF!
Name PP1.12: #REF!
Name PP1.13: #REF!
Name PP1.14: #REF!
Name PP1.15: #REF!
Name PP1.2: #REF!
Name PP1.3: #REF!
Name PP1.4: #REF!
Name PP1.5: #REF!
Name PP1.6: #REF!
Name PP1.7: #REF!
Name PP1.8: #REF!
Name PP1.9: #REF!
Name T.1: #REF!
Name T.10: #REF!
Name T.11: #REF!
Name T.12: #REF!
Name T.13: #REF!
Name T.14: #REF!
Name T.15: #REF!
Name T.2: #REF!
Name T.3: #REF!
Name T.4: #REF!
Name T.5: #REF!
Name T.6: #REF!
Name T.7: #REF!
Name T.8: #REF!
Name T.9: #REF!
Name TOT.P: #REF!
Name TOT1.P: #REF!
Name TT.1: #REF!
Name TT.10: #REF!
Name TT.11: #REF!
Name TT.12: #REF!
Name TT.13: #REF!
Name TT.14: #REF!
Name TT.15: #REF!
Name TT.2: #REF!
Name TT.3: #REF!

Sheet ORÇAMENTO
E2: PLANILHA ORÇAMENTÁRIA | G2: IOPES | H2: Encargos sociais: 128,33%
D3: OBRA: | E3: Reforma da Quadra Poliesportiva de Cavalinho | G3: Data base: AGOSTO/2019 BDI: 26,54%
D4: Local: | E4: Distrito de Cavalinho - João Neiva/ES
D5: Orçamentista: | E5: JEFTER DOS SANTOS LADISLAU -CREA 0043139/D
D6: Item | E6: Código | F6: DESCRIÇÃO | G6: Un. | H6: Quant | I6: Preço Unitário | J6: Preço do serviço
D8: 1 | F8: SERVIÇOS PRELIMINARES/CANTEIRO DE OBRAS | J8: =SUM(J9:J14) -> 11444.176
D9: 1.1 | E9: 20305 | F9: Placa de obra nas dimensões de 2.0 x 4.0 m, padrão IOPES | G9: m2 | H9: ='MEMÓRIA DE CALCULO'!K7 -> 8 | I9: 173.82 | J9: =TRUNC(ROUND(H9*I9,2),2)*1.2654 -> 1759.6146
D10: 1.2 | E10: 20712 | F10: Rede de água com padrão de entrada d'água diâm. 3/4", conf. espec. CESAN, incl. tubos e conexões para alimentação, distribuição, extravasor e limpeza, cons. o padrão a 25m, conf. projeto (1 utilização) | G10: m | H10: ='MEMÓRIA DE CALCULO'!K10 -> 7 | I10: 29.78 | J10: =TRUNC(ROUND(H10*I10,2),2)*1.2654 -> 263.78528
D11: 1.3 | E11: 20713 | F11: Rede de luz, incl. padrão entrada de energia trifás., cabo de ligação até barracões, quadro de distrib., disj. e chave de força (quando necessário), cons. 20m entre padrão entrada e QDG, conf. projeto (1 utilização) | G11: m | H11: ='MEMÓRIA DE CALCULO'!K13 -> 5 | I11: 362.1 | J11: =TRUNC(ROUND(H11*I11,2),2)*1.2654 -> 2291.0067
D12: 1.4 | E12: 20355 | F12: Aluguel mensal container sanitário, incl porta, básc, 2 ptos luz, 1 pto aterram., 3vasos, 3lavatórios, calha mictório, 6 chuveiros (1 eletrico), torn.,registros, piso comp. Naval pintado,cert NR18 e laudo descontaminação | G12: ms | H12: ='MEMÓRIA DE CALCULO'!K16 -> 3 | I12: 670 | J12: =TRUNC(ROUND(H12*I12,2),2)*1.2654 -> 2543.454
D13: 1.5 | E13: 20356 | F13: Aluguel mensal container para almoxarifado, incl. porta, 2 janelas, 1 pt iluminação, Isolamento térmico (teto), piso em comp. Naval pintado, cert. NR18, incl. laudo descontaminação. | G13: ms | H13: ='MEMÓRIA DE CALCULO'!K19 -> 3 | I13: 450 | J13: =TRUNC(ROUND(H13*I13,2),2)*1.2654 -> 1708.29
D14: 1.6 | E14: 20350 | F14: Tapume Telha Metálica Ondulada 0,50mm Branca h=2,20m, incl. montagem estr. mad. 8"x8", c/adesivo "IOPES" 60x60cm a cada 10m, incl. faixas pint. esmalte sint. cores azul c/ h=30cm e rosa c/ h=10cm (Reaproveitamento 2x) | G14: m | H14: ='MEMÓRIA DE CALCULO'!K22 -> 20 | I14: 113.72 | J14: =TRUNC(ROUND(H14*I14,2),2)*1.2654 -> 2878.0258
D15: 2 | F15: PISO/PAREDE | J15: =SUM(J16:J22) -> 52625.443
D16: 2.1 | E16: 10206 | F16: Demolição de revestimento com azulejos | G16: m2 | H16: ='MEMÓRIA DE CALCULO'!K27 -> 95.1 | I16: 32.04 | J16: =TRUNC(ROUND(H16*I16,2),2)*1.2654 -> 3855.6738
D17: 2.2 | E17: 10202 | F17: Demolição de piso revestido com cerâmica | G17: m2 | H17: ='MEMÓRIA DE CALCULO'!K31 -> 14.65 | I17: 8.97 | J17: =TRUNC(ROUND(H17*I17,2),2)*1.2654 -> 166.28621
D18: 2.3 | E18: 130219 | F18: Piso cerâmico 45x45cm, PEI 5, Cargo Plus Gray, marcas de referência Eliane, Cecrisa ou Portobello, assentado com argamassa de cimento colante, inclusive rejuntamento | G18: m2 | H18: ='MEMÓRIA DE CALCULO'!K36 -> 14.65 | I18: 58.21 | J18: =TRUNC(ROUND(H18*I18,2),2)*1.2654 -> 1079.1078
D19: 2.4 | E19: 130230 | F19: Piso argamassa alta resistência tipo granilite ou equiv de qualidade comprovada, esp de 10mm, com juntas plástica em quadros de 1m, na cor natural, com acabamento anti-derrapante mecanizado, inclusive regularização e=3.0cm | G19: m2 | H19: ='MEMÓRIA DE CALCULO'!K41 -> 18.4254 | I19: 84.83 | J19: =TRUNC(ROUND(H19*I19,2),2)*1.2654 -> 1977.8582
D20: 2.5 | E20: 10218 | F20: Remoção de pintura antiga a óleo ou esmalte | G20: m2 | H20: ='MEMÓRIA DE CALCULO'!K46 -> 550.77 | I20: 8.33 | J20: =TRUNC(ROUND(H20*I20,2),2)*1.2654 -> 5805.5413
D21: 2.6 | E21: 72815 SINAPI | F21: Aplicação de tinta à base de epóxi sobre piso | G21: m2 | H21: ='MEMÓRIA DE CALCULO'!K51 -> 550.77 | I21: 48.1 | J21: =TRUNC(ROUND(H21*I21,2),2)*1.2654 -> 33523.027
D22: 2.7 | E22: 87273 SINAPI | F22: Revestimento cerâmico para paredes internas com placas tipo esmaltada extra de dimensões 33x45 cm aplicadas em ambientes de área maior que 5m² na altura inteira das paredes | G22: m2 | H22: ='MEMÓRIA DE CALCULO'!K56 -> 95.1 | I22: 51.67 | J22: =TRUNC(ROUND(H22*I22,2),2)*1.2654 -> 6217.9478
D23: 3 | F23: PINTURA INTERNA | J23: =SUM(J24:J27) -> 5426.7944
D24: 3.1 | E24: 190302 | F24: Pintura com tinta esmalte sintético, marcas de referência Suvinil, Coral ou Metalatex, inclusive fundo branco nivelador, em madeira, a duas demãos | G24: m2 | H24: ='MEMÓRIA DE CALCULO'!K62 -> 7.98 | I24: 18.42 | J24: =TRUNC(ROUND(H24*I24,2),2)*1.2654 -> 186.00115
D25: 3.2 | E25: 190116 | F25: Pintura com tinta esmalte sintético, marcas de referência Suvinil, Coral e Metalatex, inclusive selador acrílico, em paredes, a duas demãos | G25: m3 | H25: ='MEMÓRIA DE CALCULO'!K67 -> 141.1505 | I25: 16.32 | J25: =TRUNC(ROUND(H25*I25,2),2)*1.2654 -> 2914.9501
D26: 3.3 | E26: 190417 | F26: Pintura com tinta esmalte sintético, marcas de referência Suvinil, Coral ou Metalatex, a duas demãos, inclusive fundo anticorrosivo a uma demão, em metal | G26: m2 | H26: ='MEMÓRIA DE CALCULO'!K75 -> 95.044 | I26: 15.41 | J26: =TRUNC(ROUND(H26*I26,2),2)*1.2654 -> 1853.3428
D27: 3.4 | E27: 10246 | F27: Lixamento de parede com pintura antiga PVA para recebimento de nova camada de tinta | G27: m2 | H27: ='MEMÓRIA DE CALCULO'!K85 -> 154.2995 | I27: 2.42 | J27: =TRUNC(ROUND(H27*I27,2),2)*1.2654 -> 472.50036
D28: 4 | F28: PINTURA EXTERNA | J28: =J29 -> 4202.7097
D29: 4.1 | E29: 160708 | F29: Pintura com tinta acrílica Suvinil, Coral ou Metalatex, inclusive selador acrílico, em paredes externas a três demãos | G29: m2 | H29: ='MEMÓRIA DE CALCULO'!K95 -> 187.324 | I29: 17.73 | J29: =TRUNC(ROUND(H29*I29,2),2)*1.2654 -> 4202.7097
D30: 5 | F30: VEDAÇÃO E PROTEÇÃO PARA PILAR METÁLICO | J30: =SUM(J31:J35) -> 2115.6855
D31: 5.1 | E31: 10209 | F31: Demolição de alvenaria | G31: m3 | H31: ='MEMÓRIA DE CALCULO'!K104 -> 6.02 | I31: 38.44 | J31: =TRUNC(ROUND(H31*I31,2),2)*1.2654 -> 292.82621
D32: 5.2 | E32: 50605 | F32: Alvenaria de blocos cerâmicos 10 furos 10x20x20cm, assentados c/argamassa de cimento, cal hidratada CH1 e areia traço 1:0,5:8, juntas 12mm e esp. das paredes s/revestimento, 10cm (bloco comprado na praça de Vitória, posto obra) | G32: m2 | H32: ='MEMÓRIA DE CALCULO'!K111 -> 11.234 | I32: 44.1 | J32: =TRUNC(ROUND(H32*I32,2),2)*1.2654 -> 626.90447
D33: 5.3 | E33: 110101 | F33: Chapisco com argamassa de cimento e areia média ou grossa lavada no traço 1:3, espessura 5 mm | G33: m2 | H33: ='MEMÓRIA DE CALCULO'!K117 -> 12.494 | I33: 8.73 | J33: =TRUNC(ROUND(H33*I33,2),2)*1.2654 -> 138.01718
D34: 5.4 | E34: 110302 | F34: Reboco tipo paulista de argamassa de cimento, cal hidratada CH1 e areia lavada traço 1:0.5:6, espessura 25 mm | G34: m2 | H34: ='MEMÓRIA DE CALCULO'!K125 -> 12.494 | I34: 42.54 | J34: =TRUNC(ROUND(H34*I34,2),2)*1.2654 -> 672.54745
D35: 5.5 | E35: 40806 | F35: Limpeza de aço com lixamento e escovamento com escova de aço, até a completa remoção de partículas soltas, materiais indesejáveis e corrosão | G35: m2 | H35: ='MEMÓRIA DE CALCULO'!K132 -> 18 | I35: 16.92 | J35: =TRUNC(ROUND(H35*I35,2),2)*1.2654 -> 385.39022
D36: 6 | F36: ESQUADRIAS | J36: =SUM(J37:J41) -> 2661.3387
D37: 6.1 | E37: 10214 | F37: Retirada de portas e janelas de madeira, inclusive batentes | G37: m2 | H37: ='MEMÓRIA DE CALCULO'!K137 -> 2.52 | I37: 10.25 | J37: =TRUNC(ROUND(H37*I37,2),2)*1.2654 -> 32.685282
D38: 6.2 | E38: 50303 | F38: Verga/contraverga curva de concreto armado 10 x 5 cm, Fck = 15 MPa, inclusive forma, armação e desforma | G38: m | H38: ='MEMÓRIA DE CALCULO'!K142 -> 2.2 | I38: 46.71 | J38: =TRUNC(ROUND(H38*I38,2),2)*1.2654 -> 130.0325
D39: 6.3 | E39: 60103 | F39: Marco de madeira de lei de 1ª (Peroba, Ipê, Angelim Pedra ou equivalente) com 15x3 cm de batente, nas dimensões de 0.80 x 2.10 m | G39: und | H39: ='MEMÓRIA DE CALCULO'!K147 -> 2 | I39: 209.98 | J39: =TRUNC(ROUND(H39*I39,2),2)*1.2654 -> 531.41738
D40: 6.4 | E40: 61303 | F40: Porta em madeira de lei tipo angelim pedra ou equiv.c/enchimento em madeira 1a.qualidade esp. 30mm p/ pintura, inclusive alizares, dobradiças e fechadura externa em latão cromado LaFonte ou equiv., exclusive marco, nas dim.: 0.80 x 2.10 m | G40: und | H40: ='MEMÓRIA DE CALCULO'!K152 -> 2 | I40: 604.93 | J40: =TRUNC(ROUND(H40*I40,2),2)*1.2654 -> 1530.9568
D41: 6.5 | E41: 71104 | F41: Portão de ferro de abrir em barra chata, inclusive chumbamento | G41: m2 | H41: ='MEMÓRIA DE CALCULO'!K162 -> 1 | I41: 344.75 | J41: =TRUNC(ROUND(H41*I41,2),2)*1.2654 -> 436.24665
D42: 7 | F42: INSTALAÇÕES ELÉTRICAS | J42: =SUM(J43:J52) -> 12491.624
D43: 7.1 | E43: 151703 | F43: Padrão de entrada de energia elétrica, trifásico, entrada aérea, a 4 fios, carga instalada de 15001 até 26000W, instalada em muro | G43: und | H43: ='MEMÓRIA DE CALCULO'!K162 -> 1 | I43: 1700.31 | J43: =TRUNC(ROUND(H43*I43,2),2)*1.2654 -> 2151.5723
D44: 7.2 | E44: 151421 | F44: Fio ou cabo de cobre termoplástico, com isolamento para 0.6/1000V - 70º, seção de 16.0 mm2 | G44: m | H44: ='MEMÓRIA DE CALCULO'!K166 -> 125 | I44: 11.94 | J44: =TRUNC(ROUND(H44*I44,2),2)*1.2654 -> 1888.6095
D45: 7.3 | E45: 151418 | F45: Cabo de cobre termoplástico, com isolamento para 1000V, seção de 4.0 mm2 | G45: m | H45: ='MEMÓRIA DE CALCULO'!K170 -> 240 | I45: 5.61 | J45: =TRUNC(ROUND(H45*I45,2),2)*1.2654 -> 1703.7346
D46: 7.4 | E46: 151417 | F46: Cabo de cobre termoplástico, com isolamento para 1000V, seção de 2.5 mm2 | G46: m | H46: ='MEMÓRIA DE CALCULO'!K174 -> 480 | I46: 4.6 | J46: =TRUNC(ROUND(H46*I46,2),2)*1.2654 -> 2794.0032
D47: 7.5 | E47: 151901 | F47: Quadro distrib. energia, embutido ou semi embutido, capac. p/ 16 disj. DIN, c/barram trif. 100A barra. neutro e terra, fab. em chapa de aço 12 USG com porta, espelho, trinco com fechad ch yale, Ref. QDTN II-16DINCEMAR ou equiv. | G47: und | H47: ='MEMÓRIA DE CALCULO'!K178 -> 1 | I47: 330.56 | J47: =TRUNC(ROUND(H47*I47,2),2)*1.2654 -> 418.29062
D48: 7.6 | E48: 151306 | F48: Mini-Disjuntor bipolar 16 A, curva C - 5KA 220/127VCA (NBR IEC 60947-2), Ref. Siemens, GE, Schneider ou equivalente | G48: und | H48: ='MEMÓRIA DE CALCULO'!K182 -> 8 | I48: 43.97 | J48: =TRUNC(ROUND(H48*I48,2),2)*1.2654 -> 445.1171
D49: 7.7 | E49: 151311 | F49: Mini-Disjuntor tripolar 50 A, curva C - 5KA 220/127VCA (NBR IEC 60947-2), Ref. Siemens, GE, Schneider ou equivalente | G49: und | H49: ='MEMÓRIA DE CALCULO'!K186 -> 1 | I49: 73.97 | J49: =TRUNC(ROUND(H49*I49,2),2)*1.2654 -> 93.601638
D50: 7.8 | E50: 151301 | F50: Mini-Disjuntor monopolar 16 A, curva C - 5KA 220/127VCA (NBR IEC 60947-2), Ref. Siemens, GE, Schneider ou equivalente | G50: und | H50: ='MEMÓRIA DE CALCULO'!K190 -> 4 | I50: 15.14 | J50: =TRUNC(ROUND(H50*I50,2),2)*1.2654 -> 76.632624
D51: 7.9 | E51: 151803 | F51: Ponto padrão de tomada 2 pólos mais terra - considerando eletroduto PVC rígido de 3/4" inclusive conexões (5.0m), fio isolado PVC de 2.5mm2 (16.5m) e caixa estampada 4x2" (1 und) | G51: und | H51: ='MEMÓRIA DE CALCULO'!K194 -> 1 | I51: 136.5 | J51: =TRUNC(ROUND(H51*I51,2),2)*1.2654 -> 172.7271
D52: 7.10 | E52: 74246/1 SINAPI | F52: REFLETOR RETANGULAR FECHADO COM LAMPADA VAPOR METALICO 400 W | G52: UND | H52: ='MEMÓRIA DE CALCULO'!K198 -> 8 | I52: 271.39 | J52: =TRUNC(ROUND(H52*I52,2),2)*1.2654 -> 2747.3352
D53: 8 | F53: INSTALAÇÕES HIDROSSANITÁRIAS | J53: =SUM(J54:J59) -> 2738.5534
D54: 8.1 | E54: 140701 | F54: Ponto de água fria (lavatório, tanque, pia de cozinha, etc...) | G54: pt | H54: ='MEMÓRIA DE CALCULO'!K203 -> 2 | I54: 65.63 | J54: =TRUNC(ROUND(H54*I54,2),2)*1.2654 -> 166.0964
D55: 8.2 | E55: 170101 | F55: Lavatório de louça branca com coluna, marcas de referência Deca, Celite ou Ideal Standard, inclusive sifão, válvula e engates cromados, exclusive torneira. | G55: und | H55: ='MEMÓRIA DE CALCULO'!K207 -> 1 | I55: 442.91 | J55: =TRUNC(ROUND(H55*I55,2),2)*1.2654 -> 560.45831
D56: 8.3 | E56: 170304 | F56: Torneira pressão cromada diâm. 1/2" para lavatório, marcas de referência Fabrimar, Deca ou Docol | G56: und | H56: ='MEMÓRIA DE CALCULO'!K211 -> 3 | I56: 96 | J56: =TRUNC(ROUND(H56*I56,2),2)*1.2654 -> 364.4352
D57: 8.4 | E57: 142104 | F57: Sifão em PVC para pia de cozinha ou lavatório 1x11/2" | G57: und | H57: ='MEMÓRIA DE CALCULO'!K216 -> 4 | I57: 22.04 | J57: =TRUNC(ROUND(H57*I57,2),2)*1.2654 -> 111.55766
D58: 8.5 | E58: 140706 | F58: Ponto para esgoto secundário (pia, lavatório, mictório, tanque, bidê, etc...) | G58: und | H58: ='MEMÓRIA DE CALCULO'!K222 -> 4 | I58: 60.59 | J58: =TRUNC(ROUND(H58*I58,2),2)*1.2654 -> 306.68234
D59: 8.6 | E59: COMP-3 | F59: =COMPOSIÇÃO!B21 -> Bebedouro em aço inox coletivo, marcas de referência Fisher, Metalpress ou Mekal, | G59: und | H59: ='MEMÓRIA DE CALCULO'!K227 -> 1 | I59: =COMPOSIÇÃO!H28 -> 971.49 | J59: =TRUNC(ROUND(H59*I59,2),2)*1.2654 -> 1229.3234
D60: 9 | F60: COBERTURA | J60: =SUM(J61:J63) -> 1712.5291
D61: 9.1 | E61: 10256 | F61: Remoção de telha ondulada de fibrocimento, inclusive cumeeira | G61: m2 | H61: ='MEMÓRIA DE CALCULO'!K233 -> 10.736 | I61: 4.9 | J61: =TRUNC(ROUND(H61*I61,2),2)*1.2654 -> 66.572694
D62: 9.2 | E62: 90202 | F62: Cobertura nova de telhas onduladas de fibrocimento 6.0mm, inclusive cumeeiras e acessórios de fixação | G62: m2 | H62: ='MEMÓRIA DE CALCULO'!K238 -> 10.736 | I62: 35.71 | J62: =TRUNC(ROUND(H62*I62,2),2)*1.2654 -> 485.12905
D63: 9.3 | E63: 090312 | F63: Calha em chapa galvanizada com largura de 40 cm | G63: m | H63: ='MEMÓRIA DE CALCULO'!K242 -> 8 | I63: 114.67 | J63: =TRUNC(ROUND(H63*I63,2),2)*1.2654 -> 1160.8273
D64: 10 | F64: SERVIÇOS COMPLEMENTARES | J64: =SUM(J65:J68) -> 3448.0885
D65: 10.1 | E65: 200713 | F65: Rede para futebol de salão | G65: und | H65: ='MEMÓRIA DE CALCULO'!K247 -> 2 | I65: 150.22 | J65: =TRUNC(ROUND(H65*I65,2),2)*1.2654 -> 380.17678
D66: 10.2 | E66: COMP-1 | F66: Fornecimento e instalação de porta de pvc sanfonada 0,9 x 2,10 m | G66: und | H66: ='MEMÓRIA DE CALCULO'!K252 -> 2 | I66: =COMPOSIÇÃO!H9 -> 215.42083 | J66: =TRUNC(ROUND(H66*I66,2),2)*1.2654 -> 545.18494
D67: 10.3 | E67: COMP-2 | F67: Fornecimento e instalação de barra de apoio 80 cm para banheiro PNE | G67: und | H67: ='MEMÓRIA DE CALCULO'!K257 -> 4 | I67: =COMPOSIÇÃO!H18 -> 382.6 | J67: =TRUNC(ROUND(H67*I67,2),2)*1.2654 -> 1936.5682
D68: 10.4 | E68: 200402 | F68: Limpeza geral de obras (quadras, praças e jardins) | G68: m2 | H68: ='MEMÓRIA DE CALCULO'!K263 -> 586.35 | I68: 0.79 | J68: =TRUNC(ROUND(H68*I68,2),2)*1.2654 -> 586.15859
D69: TOTAL | J69: =SUM(J8:J68)/2 -> 98866.942

Sheet MEMÓRIA DE CALCULO
E2: MEMÓRIA DE CALCULO | G2: IOPES | H2: Encargos sociais: 128,33%
D3: OBRA: | E3: Reforma da Quadra Poliesportiva de Cavalinho | G3: =ORÇAMENTO!G3 -> Data base: AGOSTO/2019 BDI: 26,54%
D4: Local: | E4: Distrito de Cavalinho - João Neiva/ES
D5: Orçamentista: | E5: JEFTER DOS SANTOS LADISLAU -CREA 0043139/D
D6: 1 | E6: SERVIÇOS PRELIMINARES/CANTEIRO DE OBRAS
D7: 1.1 | E7: Placa de obra nas dimensões de 2.0 x 4.0 m, padrão IOPES | F7: und | G7: largura (m) | H7: comprimento (m) | I7: Altura (m) | J7: área (m²) | K7: =J8 -> 8
H8: 4 | I8: 2 | J8: =H8*I8 -> 8
D10: 1.2 | E10: Rede de água com padrão de entrada d'água diâm. 3/4", conf. espec. CESAN, incl. tubos e conexões para alimentação, distribuição, extravasor e limpeza, cons. o padrão a 25m, conf. projeto (1 utilização) | F10: und | G10: largura (m) | H10: comprimento (m) | I10: Altura (m) | J10: área (m²) | K10: =F11 -> 7
F11: 7
D13: 1.3 | E13: Rede de luz, incl. padrão entrada de energia trifás., cabo de ligação até barracões, quadro de distrib., disj. e chave de força (quando necessário), cons. 20m entre padrão entrada e QDG, conf. projeto (1 utilização) | F13: und | G13: largura (m) | H13: comprimento (m) | I13: Altura (m) | J13: área (m²) | K13: =F14 -> 5
F14: 5
D16: 1.4 | E16: Aluguel mensal container sanitário, incl porta, básc, 2 ptos luz, 1 pto aterram., 3vasos, 3lavatórios, calha mictório, 6 chuveiros (1 eletrico), torn.,registros, piso comp. Naval pintado,cert NR18 e laudo descontaminação | F16: ms | G16: largura (m) | H16: comprimento (m) | I16: Altura (m) | J16: área (m²) | K16: =F17 -> 3
F17: 3
D19: 1.5 | E19: Aluguel mensal container para almoxarifado, incl. porta, 2 janelas, 1 pt iluminação, Isolamento térmico (teto), piso em comp. Naval pintado, cert. NR18, incl. laudo descontaminação. | F19: ms | G19: largura (m) | H19: comprimento (m) | I19: Altura (m) | J19: área (m²) | K19: =F20 -> 3
F20: 3
D22: 1.6 | E22: Tapume Telha Metálica Ondulada 0,50mm Branca h=2,20m, incl. montagem estr. mad. 8"x8", c/adesivo "IOPES" 60x60cm a cada 10m, incl. faixas pint. esmalte sint. cores azul c/ h=30cm e rosa c/ h=10cm (Reaproveitamento 2x) | F22: m | G22: largura (m) | H22: comprimento (m) | I22: Altura (m) | J22: área (m²) | K22: =F23 -> 20
F23: 20
D26: 2 | E26: PISO / PAREDE
D27: 2.1 | E27: Demolição de revestimento com azulejos | F27: und | G27: largura (m) | H27: comprimento (m) | I27: Altura (m) | J27: área (m²) | K27: =SUM(J28:J29) -> 95.1
E28: Paredes do novo PNE WCF | H28: 14.9 | I28: 3 | J28: =H28*I28 -> 44.7
E29: Paredes do novo PNE WCM | H29: 16.8 | I29: 3 | J29: =H29*I29 -> 50.4
D31: 2.2 | E31: Demolição de piso revestido com cerâmica | F31: und | G31: largura (m) | H31: comprimento (m) | I31: Altura (m) | J31: área (m²) | K31: =SUM(J32:J33) -> 14.65
E32: WCM | J32: 8.72
E33: WCF | J33: 5.93
D36: 2.3 | E36: Piso cerâmico 45x45cm, PEI 5, Cargo Plus Gray, marcas de referência Eliane, Cecrisa ou Portobello, assentado com argamassa de cimento colante, inclusive rejuntamento | F36: und | G36: largura (m) | H36: comprimento (m) | I36: Altura (m) | J36: área (m²) | K36: =SUM(J37:J38) -> 14.65
E37: WCM | J37: =8.72 -> 8.72
E38: WCF | J38: 5.93
D41: 2.4 | E41: Piso argamassa alta resistência tipo granilite ou equiv de qualidade comprovada, esp de 10mm, com juntas plástica em quadros de 1m, na cor natural, com acabamento anti-derrapante mecanizado, inclusive regularização e=3.0cm | F41: und | G41: largura (m) | H41: comprimento (m) | I41: Altura (m) | J41: área (m²) | K41: =SUM(J42:J43) -> 18.4254
E42: Rampa parte 1 | G42: 1.42 | H42: 4.62 | J42: =G42*H42 -> 6.5604
E43: Rampa parte 2 | G43: 1.5 | H43: 7.91 | J43: =G43*H43 -> 11.865
D46: 2.5 | E46: Remoção de pintura antiga a óleo ou esmalte | F46: und | G46: largura (m) | H46: comprimento (m) | I46: Altura (m) | J46: área (m²) | K46: =SUM(J47:J48) -> 550.77
E47: Área de piso retirado do projeto em AutoCad | J47: 550.77
D51: 2.6 | E51: APLICACAO DE TINTA A BASE DE EPOXI SOBRE PISO | F51: und | G51: largura (m) | H51: comprimento (m) | I51: Altura (m) | J51: área (m²) | K51: =SUM(J52:J53) -> 550.77
E52: Área de piso retirado do projeto em AutoCad | J52: 550.77
D56: 2.7 | E56: REVESTIMENTO CERÂMICO PARA PAREDES INTERNAS COM PLACAS TIPO ESMALTADA M2 CR EXTRA DE DIMENSÕES 33X45 CM APLICADAS EM AMBIENTES DE ÁREA MAIOR QUE 5 M² NA ALTURA INTEIRA DAS PAREDES. | F56: und | G56: largura (m) | H56: comprimento (m) | I56: Altura (m) | J56: área (m²) | K56: =SUM(J57:J58) -> 95.1
E57: Paredes do novo PNE WCF | H57: 14.9 | I57: 3 | J57: =H57*I57 -> 44.7
E58: Paredes do novo PNE WCM | H58: 16.8 | I58: 3 | J58: =H58*I58 -> 50.4
D61: 3 | E61: PINTURA INTERNA
D62: 3.1 | E62: Pintura com tinta esmalte sintético, marcas de referência Suvinil, Coral ou Metalatex, inclusive fundo branco nivelador, em madeira, a duas demãos | F62: und | G62: largura (m) | H62: comprimento (m) | I62: Altura (m) | J62: área (m²) | K62: =SUM(J63:J65) -> 7.98
E63: Porta bilheteria | F63: 2 | G63: 0.7 | I63: 2.1 | J63: =F63*G63*I63 -> 2.94
E64: Porta wcm | F64: 2 | G64: 0.6 | I64: 2.1 | J64: =F64*G64*I64 -> 2.52
E65: Porta wcf | F65: 2 | G65: 0.6 | I65: 2.1 | J65: =F65*G65*I65 -> 2.52
D67: 3.2 | E67: Pintura com tinta esmalte sintético, marcas de referência Suvinil, Coral e Metalatex, inclusive selador acrílico, em paredes, a duas demãos | F67: und | G67: largura (m) | H67: comprimento (m) | I67: Altura (m) | J67: área (m²) | K67: =SUM(J68:J72) -> 141.1505
E68: Perede Lateral (Vizinho - galpão de madeira) | H68: 28.41 | I68: 1.35 | J68: =H68*I68 -> 38.3535
E69: Perede voltada para a Escola | H69: 16.06 | I69: 1.35 | J69: =H69*I69 -> 21.681
E70: Perede voltada para a Rua | H70: 30.1 | I70: 1.35 | J70: =H70*I70 -> 40.635
E71: Perede voltada para o Bar (altura menor) | H71: 8.44 | I71: 1.35 | J71: =H71*I71 -> 11.394
E72: Perede voltada para o Bar (altura maior) | H72: 10.03 | I72: 2.9 | J72: =H72*I72 -> 29.087
D75: 3.3 | E75: Pintura com tinta esmalte sintético, marcas de referência Suvinil, Coral ou Metalatex, a duas demãos, inclusive fundo anticorrosivo a uma demão, em metal | F75: und | G75: largura (m) | H75: comprimento (m) | I75: Altura (m) | J75: área (m²) | K75: =2*SUM(J76:J81) -> 95.044
E76: Área corroida das colunas | F76: 15 | G76: 0.9 | I76: 2 | J76: =F76*G76*I76 -> 27
E77: Portão Cozinha | F77: 1 | G77: 1 | I77: 2.1 | J77: =F77*G77*I77 -> 2.1
E78: Grade cozinha | F78: 1 | G78: 2.1 | I78: 1.1 | J78: =F78*G78*I78 -> 2.31
E79: Portão de correr | F79: 1 | G79: 1.6 | I79: 2.1 | J79: =F79*G79*I79 -> 3.36
E80: Grades | F80: 2 | G80: 1.8 | I80: 1.1 | J80: =F80*G80*I80 -> 3.96
E81: Traves | F81: 2 | G81: =3.14*0.1 -> 0.314 | H81: =2*(2+3+2) -> 14 | J81: =F81*G81*H81 -> 8.792
E83: Observação: conforme orientação do IOPES foi utilizado o coeficiente 2 para pintura de grades
D85: 3.4 | E85: Lixamento de parede com pintura antiga PVA para recebimento de nova camada de tinta | F85: und | G85: largura (m) | H85: comprimento (m) | I85: Altura (m) | J85: área (m²) | K85: =SUM(J86:J92) -> 154.2995
E86: Parede Rampa 1 | H86: 7.91 | I86: 1.35 | J86: =H86*I86 -> 10.6785
E87: Parede Rampa 2 | H87: 1.83 | I87: 1.35 | J87: =H87*I87 -> 2.4705
E88: Perede Lateral (Vizinho - galpão de madeira) | H88: 28.41 | I88: 1.35 | J88: =H88*I88 -> 38.3535
E89: Perede voltada para a Escola | H89: 16.06 | I89: 1.35 | J89: =H89*I89 -> 21.681
E90: Perede voltada para a Rua | H90: 30.1 | I90: 1.35 | J90: =H90*I90 -> 40.635
E91: Perede voltada para o Bar (altura menor) | H91: 8.44 | I91: 1.35 | J91: =H91*I91 -> 11.394
E92: Perede voltada para o Bar (altura maior) | H92: 10.03 | I92: 2.9 | J92: =H92*I92 -> 29.087
D94: 4 | E94: PINTURA PAREDE EXTERNA
D95: 4.1 | E95: Pintura com tinta acrílica Suvinil, Coral ou Metalatex, inclusive selador acrílico, em paredes externas a três demãos | F95: und | G95: largura (m) | H95: comprimento (m) | I95: Altura (m) | J95: área (m²) | K95: =SUM(J96:J100) -> 187.324
E96: Parede Rampa 1 | H96: 7.91 | I96: 1.35 | J96: =H96*I96 -> 10.6785
E97: Parede Rampa 2 | H97: 1.83 | I97: 1.35 | J97: =H97*I97 -> 2.4705
E98: Parede voltada para rua | J98: 120
E99: Parede voltada para vizinho | G99: 10 | I99: 4 | J99: =G99*I99 -> 40
E100: Parede voltada para escola | H100: 10.5 | I100: 1.35 | J100: =H100*I100 -> 14.175
E101: Área retirada do Autocad
D103: 5 | E103: VEDAÇÃO E PROTEÇÃO PARA PILAR METÁLICO
D104: 5.1 | E104: Demolição de alvenaria | F104: und | G104: largura (m) | H104: comprimento (m) | I104: Altura (m) | J104: área (m²) | K104: =SUM(K105:K108) -> 6.02
E105: Banheiro Masc | G105: 0.3 | I105: 2.1 | K105: =G105*I105 -> 0.63
G106: 1.4 | I106: 1.7 | K106: =G106*I106 -> 2.38
E107: Banheiro Femin | G107: 0.3 | I107: 2.1 | K107: =G107*I107 -> 0.63
G108: 1.4 | I108: 1.7 | K108: =G108*I108 -> 2.38
D111: 5.2 | E111: Alvenaria de blocos cerâmicos 10 furos 10x20x20cm, assentados c/argamassa de cimento, cal hidratada CH1 e areia traço 1:0,5:8, juntas 12mm e esp. das paredes s/revestimento, 10cm (bloco comprado na praça | F111: und | G111: largura (m) | H111: comprimento (m) | I111: Altura (m) | J111: área (m²) | K111: =SUM(J112:J114) -> 11.234
E112: Colunas internas | F112: 6 | G112: 0.9 | I112: 1.35 | J112: =F112*G112*I112 -> 7.29
E113: Banheiro Masc | G113: 1.4 | I113: 1.7 | J113: =G113*I113 -> 2.38
E114: Banheiro Femin | G114: 0.92 | I114: 1.7 | J114: =G114*I114 -> 1.564
D117: 5.3 | E117: Chapisco com argamassa de cimento e areia média ou grossa lavada no traço 1:3, espessura 5 mm | F117: und | G117: largura (m) | H117: comprimento (m) | I117: Altura (m) | J117: área (m²) | K117: =SUM(J118:J122) -> 12.494
E118: Colunas internas | F118: 6 | G118: 0.9 | I118: 1.35 | J118: =F118*G118*I118 -> 7.29
E119: Banheiro Masc | G119: 0.3 | I119: 2.1 | J119: =G119*I119 -> 0.63
G120: 1.4 | I120: 1.7 | J120: =G120*I120 -> 2.38
E121: Banheiro Femin | G121: 0.3 | I121: 2.1 | J121: =G121*I121 -> 0.63
G122: 0.92 | I122: 1.7 | J122: =G122*I122 -> 1.564
D125: 5.4 | E125: Reboco tipo paulista de argamassa de cimento, cal hidratada CH1 e areia lavada traço 1:0.5:6, espessura 25 mm | F125: und | G125: largura (m) | H125: comprimento (m) | I125: Altura (m) | J125: área (m²) | K125: =SUM(J126:J130) -> 12.494
E126: Colunas internas | F126: 6 | G126: 0.9 | I126: 1.35 | J126: =F126*G126*I126 -> 7.29
E127: Banheiro Masc | G127: 0.3 | I127: 2.1 | J127: =G127*I127 -> 0.63
G128: 1.4 | I128: 1.7 | J128: =G128*I128 -> 2.38
E129: Banheiro Femin | G129: 0.3 | I129: 2.1 | J129: =G129*I129 -> 0.63
G130: 0.92 | I130: 1.7 | J130: =G130*I130 -> 1.564
D132: 5.5 | E132: Limpeza de aço com lixamento e escovamento com escova de aço, até a completa remoção de partículas soltas, materiais indesejáveis e corrosão | F132: und | G132: largura (m) | H132: comprimento (m) | I132: Altura (m) | J132: área (m²) | K132: =J133 -> 18
E133: Colunas | F133: 15 | G133: 1.2 | I133: 1 | J133: =F133*G133*I133 -> 18
D136: 6 | E136: ESQUADRIAS
D137: 6.1 | E137: Retirada de portas e janelas de madeira, inclusive batentes | F137: und | G137: largura (m) | H137: comprimento (m) | I137: Altura (m) | J137: área (m²) | K137: =SUM(J138:J139) -> 2.52
E138: Banheiro Masc | F138: 1 | G138: 0.6 | I138: 2.1 | J138: =F138*G138*I138 -> 1.26
E139: Banheiro Femin | F139: 1 | G139: 0.6 | I139: 2.1 | J139: =F139*G139*I139 -> 1.26
...

Sheet CRONOGRAMA 
B1: CRONOGRAMA FÍSICO-FINANCEIRO SECRETARIA MUNICIPAL DE OBRAS E SERVIÇOS URBANOS
A2: OBRA : | B2: Reforma da Quadra Poliesportiva de Cavalinho
A3: LOCAL: | B3: DISTRITO DE CAVALINHO - JOÃO NEIVA - ES
A4: AUTOR: | B4: JEFTER DOS SANTOS LADISLAU -CREA 0043139/D
A5: ITEM | B5: DESCRIÇÃO | D5: VALORES (R$) | E5: LICITAÇÃO | H5: EXECUÇÃO
E6: 1º Mês | F6: 2º Mês | G6: 3º Mês | H6: 4º Mês | I6: 5º Mês | J6: 6º Mês
E7: AGOSTO | F7: SETEMBRO | G7: OUTUBRO | H7: NOVEMBRO | I7: DEZEMBRO | J7: JANEIRO
A8: 1.0 | B8: =ORÇAMENTO!F8 -> SERVIÇOS PRELIMINARES/CANTEIRO DE OBRAS | C8: Físico (%) | D8: =D9/D29 -> 0.11575332 | E8: --- | F8: --- | G8: --- | H8: 1
C9: Financeiro (R$) | D9: =ORÇAMENTO!J8 -> 11444.176 | E9: --- | F9: --- | G9: --- | H9: =D9 -> 11444.176
A10: 2.0 | B10: =ORÇAMENTO!F15 -> PISO/PAREDE | C10: Físico (%) | D10: =D11/D29 -> 0.53228553 | E10: --- | F10: --- | G10: --- | H10: 1
C11: Financeiro (R$) | D11: =ORÇAMENTO!J15 -> 52625.443 | E11: --- | F11: --- | G11: --- | H11: =D11 -> 52625.443
A12: 3.0 | B12: =ORÇAMENTO!F23 -> PINTURA INTERNA | C12: Físico (%) | D12: =D13/D29 -> 0.054889879 | E12: --- | F12: --- | G12: --- | I12: 1
C13: Financeiro (R$) | D13: =ORÇAMENTO!J23 -> 5426.7944 | E13: --- | F13: --- | G13: --- | I13: =D13 -> 5426.7944
A14: 4.0 | B14: =ORÇAMENTO!F28 -> PINTURA EXTERNA | C14: Físico (%) | D14: =D15/D29 -> 0.042508746 | E14: --- | F14: --- | G14: --- | I14: 1
C15: Financeiro (R$) | D15: =ORÇAMENTO!J28 -> 4202.7097 | E15: --- | F15: --- | G15: --- | I15: =D15 -> 4202.7097 | J15: =H15 -> 0
A16: 5.0 | B16: =ORÇAMENTO!F30 -> VEDAÇÃO E PROTEÇÃO PARA PILAR METÁLICO | C16: Físico (%) | D16: =D17/D29 -> 0.021399322 | E16: --- | F16: --- | G16: --- | H16: 1
C17: Financeiro (R$) | D17: =ORÇAMENTO!J30 -> 2115.6855 | E17: --- | F17: --- | G17: --- | H17: =D17 -> 2115.6855
A18: 6.0 | B18: ESQUADRIAS | C18: Físico (%) | D18: =D19/D29 -> 0.026918388 | E18: --- | F18: --- | G18: --- | H18: 1
C19: Financeiro (R$) | D19: =ORÇAMENTO!J36 -> 2661.3387 | E19: --- | F19: --- | G19: --- | H19: =D19 -> 2661.3387
A20: 7.0 | B20: INSTALAÇÕES ELÉTRICAS | C20: Físico (%) | D20: =D21/D29 -> 0.12634783 | E20: --- | F20: --- | G20: --- | I20: 1
C21: Financeiro (R$) | D21: =ORÇAMENTO!J42 -> 12491.624 | E21: --- | F21: --- | G21: --- | I21: =D21 -> 12491.624
A22: 8.0 | B22: =ORÇAMENTO!F53 -> INSTALAÇÕES HIDROSSANITÁRIAS | C22: Físico (%) | D22: =D23/D29 -> 0.027699384 | E22: --- | F22: --- | G22: --- | H22: 1
C23: Financeiro (R$) | D23: =ORÇAMENTO!J53 -> 2738.5534 | E23: --- | F23: --- | G23: --- | H23: =D23 -> 2738.5534
A24: 9.0 | B24: COBERTURA | C24: Físico (%) | D24: =D25/D29 -> 0.017321554 | E24: --- | F24: --- | G24: --- | I24: 1
C25: Financeiro (R$) | D25: =ORÇAMENTO!J60 -> 1712.5291 | E25: --- | F25: --- | G25: --- | I25: =D25 -> 1712.5291
A26: 10.0 | B26: =ORÇAMENTO!F64 -> SERVIÇOS COMPLEMENTARES | C26: Físico (%) | D26: =D27/D29 -> 0.03487605 | E26: --- | F26: --- | G26: --- | J26: 1
C27: Financeiro (R$) | D27: =ORÇAMENTO!J64 -> 3448.0885 | E27: --- | F27: --- | G27: --- | J27: =D27 -> 3448.0885
A29: Total Financeiro (R$) | D29: =D9+D11+D13+D15+D17+D27+D19+D25+D21+D23 -> 98866.942 | E29: 0 | F29: 0 | G29: 0 | H29: =H9+H11+H17+H13+H15+H19+H21+H25+H27+H23 -> 71585.196 | I29: =I9+I11+I17+I13+I15+I19+I21+I25+I27+I23 -> 23833.657 | J29: =J9+J11+J17+J13+J15+J19+J21+J25+J27+J23 -> 3448.0885
A30: Total Acumulado (R$) | E30: 0 | F30: 0 | G30: 0 | H30: =H29 -> 71585.196 | I30: =H30+I29 -> 95418.854 | J30: =I30+J29 -> 98866.942
A31: Total Parcial (%) | E31: 0 | F31: 0 | G31: 0 | H31: =H29/D29 -> 0.72405594 | I31: =I29/D29 -> 0.24106801 | J31: =J29/D29 -> 0.03487605
A32: Total acumulado (%) | D32: =D8+D10+D12+D14+D16+D26+D18+D20+D24+D22 -> 1 | E32: 0 | F32: 0 | G32: 0 | H32: =H31 -> 0.72405594 | I32: =H32+I31 -> 0.96512395 | J32: =I32+J31 -> 1

Sheet COMPOSIÇÃO
B2: COMPOSIÇÃO 1
B3: FORNECIMENTO E INSTALAÇÃO DE PORTA DE PVC SANFONADA 0,9 X 2,10 M ITEM DE REFERÊNCIA : IOPES 61303
B4: Referência | C4: Serviço / Mão de Obras | D4: UND | E4: Coeficiênte | F4: Preço Unitário Data Base Fev 2020 | G4: Preço final com BDI (%) | H4: Total
B5: COTAÇÃO 1 | C5: =COTAÇÃO!C7 -> Porta sanfonada PVC de 90 x 210 cm | D5: UND | E5: 1 | F5: =COTAÇÃO!P7 -> 109.33333 | H5: =E5*F5 -> 109.33333
B6: 10101 - IOPES | C6: AJUDANTE (LABOR) | D6: H | E6: 3.75 | F6: 12.95 | H6: =E6*F6 -> 48.5625
B7: 10111 - IOPES | C7: CARPINTEIRO (LABOR) | D7: H | E7: 3.75 | F7: 15.34 | H7: =E7*F7 -> 57.525
C9: Total Unitário do Serviço | D9: und | H9: =SUM(H5:H7) -> 215.42083
B12: COMPOSIÇÃO 2
B13: FORNECIMENTO E INSTALAÇÃO DE BARRA DE APOIO 80 CM PARA BANHEIRO PNE
B14: Referência | C14: Serviço / Mão de Obras | D14: UND | E14: Coeficiênte | F14: Preço Unitário Data Base Fev 2020 | G14: Preço final com BDI (%) | H14: Total
B15: COTAÇÃO 2 | C15: =COTAÇÃO!C8 -> Barra de Apoio Conforto 80cm Polido Cromado | D15: UND | E15: 1 | F15: =COTAÇÃO!P8 -> 367.26 | H15: =E15*F15 -> 367.26
B16: 010139 - IOPES | C16: PEDREIRO (LABOR) | D16: H | E16: 1 | F16: 15.34 | H16: =E16*F16 -> 15.34
C18: Total Unitário do Serviço | D18: und | H18: =SUM(H15:H16) -> 382.6
B20: COMPOSIÇÃO 3
B21: Bebedouro em aço inox coletivo, marcas de referência Fisher, Metalpress ou Mekal,
B22: Referência | C22: Serviço / Mão de Obras | D22: UND | E22: Coeficiênte | F22: Preço Unitário Data Base Fev 2020 | G22: Preço final com BDI (%) | H22: Total
B23: 65594 | C23: BEBEDOURO ACO INOX COLETIVO N.18 - L= 0.45 M | D23: UND | E23: 1 | F23: 904.85 | H23: =E23*F23 -> 904.85
B24: 010139 - IOPES | C24: PEDREIRO (LABOR) | D24: H | E24: 1 | F24: 15.34 | H24: =E24*F24 -> 15.34
B25: 10101 - IOPES | C25: AJUDANTE (LABOR) | D25: H | E25: 1 | F25: 12.95 | H25: =E25*F25 -> 12.95
B26: 10118 - IOPES | C26: ENCANADOR (LABOR) | D26: H | E26: 2.5 | F26: 15.34 | H26: =E26*F26 -> 38.35
C28: Total Unitário do Serviço | D28: und | H28: =SUM(H23:H26) -> 971.49

Sheet COTAÇÃO
B1: PREFEITURA MUNICIPAL DE JOÃO NEIVA SECRETARIA MUNICIPAL DE OBRAS PÚBLICAS E SERVIÇOS URBANOS
B4: REFORMA QUADRA POLIESPORTIVA DE CAVALINHO - COTAÇÕES
B5: ITEM | C5: DESCRIÇÃO | D5: COTAÇÕES EFETUADAS | P5: PREÇO MÉDIO - VALOR UNIT. (R$) | Q5: OBSERVAÇÕES
D6: FORNECEDOR 01 | E6: CONTATO | F6: PREÇO 01 | G6: DATA PREÇO 01 | H6: FORNECEDOR 02 | I6: CONTATO | J6: PREÇO 02 | K6: DATA PREÇO 02 | L6: FORNECEDOR 03 | M6: CONTATO | N6: PREÇO 03 | O6: DATA PREÇO 03
B7: 01 | C7: Porta sanfonada PVC de 90 x 210 cm | D7: DISFOIL.COM | E7: https://www.disfoil.com.br/porta-sanfonada-pvc-090-x-210-m-cinza-plasbil?utm_source=GoogleShopping&utm_medium=Site_XML&utm_campaign=GoogleShopping&mprice=117.76&gclid=CjwKCAjwyqTqBRAyEiwA8K_4O7MHPOZ3s2JFDv8J_XUH9tx9iBlP9YHw13xTQHcINv_wqe0NJy4m5hoCiUkQAvD_BwE | F7: 132.76 | G7: 43836 | H7: COPAFER.COM | I7: https://www.copafer.com.br/porta-sanfonada-pvc-2-10x90-cinza-plasbil-p1084746?tsid=17&utm_source=google&utm_medium=cpc&utm_content=Porta%20Sanfonada%20PVC%202.10x90%20Cinza%20-%20PLASBIL&utm_campaign=portas-e-janelas&pht=5891501858647464&gclid=CjwKCAjwyqTqBRAyEiwA8K_4O1JDl1D7P8G8oW2EWOz6-VohIz3P_1fvTT4NXNmdqAOvTfb7xL-upRoCZ2cQAvD_BwE | J7: 100.34 | K7: 43836 | L7: AMERICANAS.COM | M7: https://www.americanas.com.br/produto/48551489/porta-sanfonada-pvc-polifort-210cmx100cm-branco-neve?WT.srch=1&acc=e789ea56094489dffd798f86ff51c7a9&epar=bp_pl_00_go_pla_casaeconst_geral_gmv&gclid=CjwKCAjwyqTqBRAyEiwA8K_4O1gxJYerAxPirXcxp5eGbn8JN4ro0Ej-7I4IjLCeOlY48H5QJOOPYxoC-XEQAvD_BwE&i=57fdb7f9eec3dfb1f859616b&o=5c14ccf06c28a3cb503a2318&opn=YSMESP&sellerId=10490181000235&sellerid=10490181000235&wt.srch=1 | N7: 94.9 | O7: 43836 | P7: =((F7+J7+N7)/3) -> 109.33333
B8: 02 | C8: Barra de Apoio Conforto 80cm Polido Cromado | D8: LIVEN | E8: https://livencasa.com/index.php?route=product/product&product_id=2230&gclid=CjwKCAjw7anqBRALEiwAgvGgmxFqe3aaP2mgEl5cFzsf3j1eRPhatLxsIaRADbz95xdQZzhD88Hu5BoChjYQAvD_BwE | F8: 341.96 | G8: 43836 | H8: GUAPORÉ | I8: https://www.lojasguapore.com.br/produto/barra-de-apoio-conforto-80cm-aco-polido-2310-i-080-pol-deca-114101?utm_source=google&utm_medium=googleshopping&utm_campaign=cpc&utm_parceiro=0&gclid=CjwKCAjw7anqBRALEiwAgvGgm_MMcUQ3y9ecdv5MjTpNOpK-V-mjsRoYfWiTev3I_T0WXtBnQl1pgBoCK88QAvD_BwE | J8: 330.99 | K8: 43836 | L8: OBRA FÁCIL | M8: https://lojaobrafacil.com.br/barra-apoio-80cm?language=pt-br&currency=BRL&gclid=CjwKCAjw7anqBRALEiwAgvGgmxNQIKDRH8SXzQFKt8gCEbv4VYUmZJ_iVZ7q3KYdbSEgTI6tyZn3PBoCNeoQAvD_BwE | N8: 428.83 | O8: 43836 | P8: =(F8+J8+N8)/3 -> 367.26

Sheet BDI-Comp
A2: ='[1]PLANILHA ORÇAMENTARIA'!A1 -> PREFEITURA MUNICIPAL DE JOÃO NEIVA SECRETARIA MUNICIPAL DE OBRAS E SERVIÇOS URBANOS
A4: REFORMA DA QUADRA POLIESPORTIVA DE CAVALINHO
A6: =[1]RESUMO!A4 -> Local: CENTRO - JOÃO NEIVA/ES
A8: COMPOSIÇÃO DO BDI
D10: Para Serviços
B11: GRUPO A
B12: Despesas Financeiras | D12: 0.0059
B13: Total Grupo A | D13: =D12 -> 0.0059
B14: GRUPO B
B15: Administração Central | D15: 0.04
B16: Total Grupo B | D16: =SUM(D15:D15) -> 0.04
B17: GRUPO C
B18: Bonificação | D18: 0.0686
B19: Total Grupo C | D19: =D18 -> 0.0686
B20: GRUPO D
B21: Seguros / Garantia | D21: 0.008
B22: Riscos | D22: 0.0097
B23: Total Grupo D | D23: =SUM(D21:D22) -> 0.0177
B24: GRUPO E
B25: ISS | D25: 0.02
B26: PIS | D26: 0.0065
B27: COFINS | D27: 0.03
B28: CPRB | D28: 0.045
B29: Total Grupo E | D29: =SUM(D25:D28) -> 0.1015
B31: BDI Total | D31: =((1+(D16+D23))*(1+D13)*(1+D19))/(1-D29) - 1 -> 0.26536087
A33: OBS:
A35: 1 | B35: - A fórmula para cálculo da taxa a ser acrescida aos custos diretos de um
B36: empreendimento a título de Benefícios e Despesas Indiretas é:
B37: BDI = {(1 + A)*(1 + B+D)*(1 + C)} -1, onde:
B38: (1 – E)
B39: A = DESPESAS FINANCEIRAS
B40: B = ADMINISTRAÇÃO CENTRAL;
B41: C = BENEFÍCIO / LUCRO;
B42: D = RISCOS, SEGUROS E GARANTIAS;
B43: E = ISS + PIS + COFINS+INSS
A45: 2 | B45: - Discriminação do BDI
B47: A – Despesas financeiras:
B48: são aquelas decorrentes do custo do capital de giro para fazer frente às despesas realizadas antes do efetivo recebimento das devidas receitas. Foi apropriada por estimativa com base na média proposta no ACÓRDÃO Nº 2.622/2013, PLENÁRIO de 25 set.2013.
B52: B – Administração Central:
B53: são as despesas relativas à manutenção de parcela do custo do escritório central da empresa, tais como: instalações do imóvel/sede (custo de propriedade ou de locação de imóveis); aquisição e manutenção dos equipamentos da sede (computadores, ar condicionado, veículos e correlatos); despesas administrativas (secretária, vigilante, auxiliar de escritório, contínuo, assessorias tercerizadas - ex. contadoria); despesas com consumo (água, luz, telefone, material para escritório, material para limpeza, alimentos, etc). Foi apropriada por estimativa com base na média proposta noACÓRDÃO Nº 2.622/2013, PLENÁRIO de 25 set.2013.
B54: C – Benefício/Lucro:
B55: é a parcela que contempla a remuneração do construtor, definidos com base em valor percentual sobre o total dos custos diretos e despesas indiretas, excluídas aquelas referentes às parcelas tributárias. A taxa adotada como benefício deve ser entendida como uma provisão de onde será retirado o lucro do construtor, após desconto de todos os encargos decorrentes de inúmeras incertezas que podem ocorrer durante as obras, difíceis de serem mensuradas no seu conjunto com base no ACÓRDÃO Nº 2.622/2013, PLENÁRIO de 25 set.2013.
B57: D – Riscos Imprevistos, Garantias e Seguros:
B58: valores para cobertura de despesas imprevisíveis e os seguros e garantias estabelecidos no Projeto Básico e orientação contante no ACÓRDÃO Nº 2.622/2013, PLENÁRIO de 25 set.2013.
B59: E – Valores Relativos aos Tributos:
B60: – Impostos sobre serviços de qualquer natureza – ISS, é imposto de competência municipal, consoante art. 156, inciso III, da Constituição Federal. Alíquota de 2% sobre o valor total da nota fiscal.
B61: – Contribuição para o Programa de Integração Social – PIS. A taxa do PIS, definida pelos Decretos-Lei nº 2.445 e 2.449/88, é de 0,65% sobre a receita operacional bruta.
B62: – Contribuição para o Programa de Financiamento da Seguridade Social – COFINS, definida pela Lei 9.718/98, é de 3%, sobre a receita operacional bruta.
